Selects Airborne Battlegroup
Selects Heavy Machine Gun Paradrop
Heavy Machine Gun Paradrop
Construct Weapon Support Center
Construct Medical Station
Selects Paratrooper Squad Paradrop
Paratrooper Squad Paradrop
Mechanized Support Center
Paratrooper Squad Paradrop
Selects Anti-tank Gun Team Paradrop
Paratrooper Squad Paradrop
Heavy Machine Gun Paradrop
M18 Hellcat Tank Destroyer
Anti-tank Gun Team Paradrop
Selects Dual P-47 Rocket Strike
Designate Forward Repair Station
M4A1(76) Sherman Medium Tank
Paratrooper Squad Paradrop
Paratrooper Squad Paradrop
Improved M9 Bazooka Rockets
Anti-tank Gun Team Paradrop
Heavy Machine Gun Paradrop